 Dungeon Crawl Stone Soup version 0.29-a0-330-g52719c12eb (webtiles) character file.

Game seed: 1551988354954208064

777 Anon1729 the Ducker (level 7, -2/56 HPs)
             Began as a Merfolk Monk on May 24, 2022.
             Was a Follower of Uskayaw.
             Killed by divine providence
             ... invoked by an orc priest
              (17 damage)
             ... on level 5 of the Dungeon.
             The game lasted 00:06:21 (5273 turns).

Anon1729 the Ducker (Merfolk Monk)                  Turns: 5273, Time: 00:06:21

Health: -2/56      AC:  3    Str: 12    XL:     7   Next: 84%
Magic:  9/9        EV: 15    Int:  9    God:    Uskayaw [*.....]
Gold:   185        SH:  0    Dex: 18    Spells: 6/6 levels left

rFire   . . .      SeeInvis .   a - +0 falchion
rCold   . . .      Faith    .   (no shield)
rNeg    . . .      Spirit   .   d - +0 leather armour
rPois   .          Reflect  .   (no helmet)
rElec   .          Harm     .   (no cloak)
rCorr   .          Rampage  .   (no gloves)
Will    .....                   (no boots)
Stlth   +++.......              (no amulet)
HPRegen 0.18/turn               (no ring)
MPRegen 0.11/turn               (no ring)

@: no status effects
A: (nimble swimmer 2), mertail
a: Renounce Religion, Stomp


You were on level 5 of the Dungeon.
You worshipped Uskayaw.
Uskayaw was noncommittal.
You visited 2 branches of the dungeon, and saw 6 of its levels.

You collected 185 gold pieces.

Inventory:

Hand Weapons
 a - a +0 falchion (weapon)
 y - a +0 vorpal hunting sling
Missiles
 x - 2 curare-tipped darts
Armour
 b - a +0 robe
 d - a +0 leather armour (worn)
Jewellery
 c - a ring of resist corrosion
Wands
 q - a wand of flame (16) (quivered)
Scrolls
 g - 3 scrolls of identify
 j - 2 scrolls of brand weapon
 o - a scroll of enchant armour {unknown}
 r - a scroll of fog {unknown}
 s - a scroll of noise {unknown}
 u - a scroll of magic mapping
 w - a scroll of amnesia {unknown}
Potions
 e - a potion of might
 h - a potion of lignification {unknown}
 i - a potion of brilliance {unknown}
 k - a potion of invisibility {unknown}
 m - a potion of haste {unknown}
 n - 2 potions of flight {unknown}
 t - 2 potions of magic {unknown}
 v - a potion of degeneration {unknown}
 z - a potion of mutation {unknown}


   Skills:
 + Level 5.2 Fighting
 + Level 5.8 Long Blades
 + Level 6.4 Dodging
 + Level 5.0 Stealth
 * Level 3.6 Invocations


You had 6 spell levels left.
You didn't know any spells.
Your spell library contained the following spells:

 Spells                   Type           Power      Damage    Failure   Level
 Magic Dart               Conj           0%         1d3       45%         1
 Call Imp                 Summ           0%         N/A       61%         2
 Searing Ray              Conj           0%         2d4       61%         2
 Call Canine Familiar     Summ           0%         N/A       83%         3
 Mephitic Cloud           Conj/Pois/Air  0%         N/A       83%         3
 Ozocubu's Armour         Ice            0%         N/A       83%         3
 Portal Projectile        Hex/Tloc       0%         N/A       83%         3
 Fulminant Prism          Conj/Hex       0%         3d6       99%         4
 Leda's Liquefaction      Hex/Erth       0%         N/A       99%         4
 Metabolic Englaciation   Hex/Ice        0%         N/A       100%        5
 Simulacrum               Ice/Necr       0%         N/A       100%        6


Dungeon Overview and Level Annotations

Branches:
Dungeon (5/15)             Temple (1/1) D:4

Altars:
Cheibriados
Dithmenos
Fedhas
Gozag
Kikubaaqudgha
Nemelex Xobeh
Okawaru
Sif Muna
Trog
Uskayaw
Wu Jian
Xom
Zin
The Shining One

Shops:
D:4 *   D:5 *


Innate Abilities, Weirdness & Mutations

((You are very nimble when in or above water. (Stealth+, EV+, Speed+++)))
Your lower body shifts to a powerful aquatic tail in water.


Message History

A water moccasin comes into view.
The black bear attacks as you move away!
The black bear closely misses you. The black bear claws you.
* * * LOW HITPOINT WARNING * * *
The black bear claws you.
* * * LOW HITPOINT WARNING * * *
Your surroundings suddenly seem different.
A howler monkey, an orc priest and 2 orcs come into view.
Found 25 stones and 3 boomerangs.
The orc shouts!
The howler monkey howls!
Okay, then.
You feel better.
The orc priest shouts!
Okay, then.
The orc shouts!
You hear a howl!
You open the large door.
A howler monkey comes into view.
Found a potion of curing and 7 gold pieces.
The orc priest casts a cantrip, but nothing happens.
There is a large open door here.
The howler monkey hoots and howls with incredible vigour!
You hear a shout! x3; You hear an angry hiss.
You hear a shout!
You hear an angry hiss. x2
Found Yfenon's Elemental Accessories.
An orc priest comes into view. It is wielding a +0 dagger.
An orc comes into view. It is wielding a +0 short sword.
Found a stone staircase leading down.
The orc priest miscasts a cantrip.
The orc attacks as you move away! The orc hits you with a +0 short sword.
* * * LOW HITPOINT WARNING * * *
An adder comes into view.
Found a fuming amethyst potion.
The orc priest looks encouraged for a moment.
An iguana comes into view.
A centaur comes into view.
An orc comes into view.
It is wielding a +0 hand axe and wearing a +0 ring mail of poison resistance.
The howler monkey hoots and howls with incredible vigour! x2
The adder hisses angrily.
You hear an angry hiss.
The orc priest mumbles some strange prayers to Beogh against you.
Beogh smites you!
You die...

*,,,,,,,,,,,,,,,*
*,,,,,,,,,,,,,,,*
*,,,,,,,,***,*#########********
*,,,,,,,,,,,,*#........#,,,,,,,
*,,,,,,,,,,***#..!.....#,,,,,,,
*,,,,,,,,,,####........#,,,,,,,
*******,,,,#...........#,,,,,,,
*,,,,+>.l≈...≈...#,,,,,,,
*,...#..@........#,,,,***
****#.........∩....#*,,,,*
*,,,........o.....##*,,,,***
*,>,....S...#oh.§.# *..,,*,,
*,,,......$o......###..,,*,,
*,,,...........o##.....,,*,,
*,,,....o...!...#...c..***,,
*,,,...........o#......,,,,,
*,,,,....#......#......,,,,,


You could see a howler monkey, an iguana, 2 orc priests, an adder and 4 orcs.

Vanquished Creatures
  Sigmund (D:3)
  Eustachio (D:4)
  A phantom (D:5)
  A scorpion (D:4)
  2 hounds (D:4)
  An iguana (D:3)
  3 orc wizards
  4 gnolls (D:4)
  6 adders
  A worm (D:4)
  A dart slug (D:1)
  10 orcs (D:4)
  9 endoplasms
  6 giant cockroaches
  8 goblins
  6 hobgoblins
  3 jackals (D:4)
  7 kobolds
  3 quokkas
  8 ball pythons
  2 bats
  A frilled lizard (D:2)
  9 rats
94 creatures vanquished.

Notes
Turn   | Place    | Note
-------+----------+-------------------------------------------
     0 | D:1      | Anon1729 the Merfolk Monk began the quest for the Orb.
     0 | D:1      | Reached XP level 1. HP: 18/18 MP: 1/1
   238 | D:1      | Reached XP level 2. HP: 24/24 MP: 2/2
   844 | D:1      | Reached XP level 3. HP: 25/29 MP: 3/3
  1386 | D:2      | Found a faded altar of an unknown god.
  1842 | D:3      | Found a shimmering blue altar of Sif Muna.
  1860 | D:3      | Noticed Sigmund
  1875 | D:3      | Killed Sigmund
  1876 | D:3      | Reached skill level 5 in Long Blades
  1876 | D:3      | Reached skill level 5 in Dodging
  1876 | D:3      | Reached XP level 4. HP: 19/38 MP: 4/4
  1876 | D:3      | Reached XP level 5. HP: 22/43 MP: 5/5
  2314 | D:3      | Reached XP level 6. HP: 49/49 MP: 6/6
  2623 | D:4      | Found a staircase to the Ecumenical Temple.
  2640 | Temple   | Entered the Ecumenical Temple
  2791 | Temple   | Became a worshipper of Uskayaw the Reveller
  2791 | Temple   | Reached * piety under Uskayaw
  3051 | D:4      | Noticed Eustachio
  3102 | D:4      | Reached ** piety under Uskayaw
  3123 | D:4      | Reached *** piety under Uskayaw
  3132 | D:4      | Killed Eustachio
  3133 | D:4      | Reached skill level 1 in Invocations
  3447 | D:4      | Noticed a moth of wrath
  3660 | D:3      | Reached XP level 7. HP: 52/55 MP: 8/8
  3875 | D:4      | Reached **** piety under Uskayaw
  3876 | D:4      | Reached skill level 5 in Fighting
  3876 | D:4      | Reached skill level 6 in Dodging
  4358 | D:4      | Found Gozag's Platinum Reserve.
  4361 | D:4      | Found an opulent altar of Gozag.
  4833 | D:4      | Found a bloodstained altar of Trog.
  5017 | D:5      | Entered Level 5 of the Dungeon
  5246 | D:5      | Reached skill level 5 in Stealth
  5265 | D:5      | Found Yfenon's Elemental Accessories.
  5273 | D:5      | Killed from afar by an orc priest

Illustrated notes

Levels and vault maps discovered:
D:1:      mainiacjoe_arrival_reflecting_pool, layout_basic
D:2:      layout_rooms, hellmonk_ecumenical_altar_crossroads
D:3:      layout_basic, lemuel_crystal_altar, uniq_sigmund
D:4:      layout_loops_ring, tgw_trog, nicolae_gozag_zags_fifth_avenue,
          minmay_temple_entry_junction, uniq_eustachio
D:5:      kennysheep_big_flooded_room, layout_basic, amcnicky_mini_pool_small,
          nicolae_elemental_shop, mrwooster_statue_mirror
Temple:   minmay_temple_curvy_loop

Skill      XL: |  1  2  3  4  5  6  7 |
---------------+----------------------+-----
Long Blades    | 4 5 |  5.8
Stealth        | 3 4 5 |  5.0
Fighting       | 4 5 |  5.2
Dodging        | 5 6 |  6.4
Invocations    | 2 3 |  3.6

Action                   |  1- 3 |  4- 6 |  7- 9 || total
-------------------------+-------+-------+-------++-------
Melee: Falchion          |   122 |   135 |   139 ||   396
       Punch             |     2 |     2 |       ||     4
Evoke: Wand              |       |     7 |       ||     7
  Use: Potion            |     1 |     2 |     1 ||     4
       Scroll            |       |       |     4 ||     4
 Stab: Sleeping          |     9 |     9 |     2 ||    20
       Paralysed         |       |     1 |     3 ||     4
       Distracted        |       |       |     1 ||     1
Armor: Leather armour    |    21 |    26 |    23 ||    70
Dodge: Dodged            |    75 |    92 |   123 ||   290

Table legend: (Time is in decaauts)
 A = Elapsed time spent in this place.
 B = Non-inter-level travel time spent in this place.
 C = Inter-level travel time spent in this place.
 D = Time resting spent in this place.
 E = Time spent auto-exploring this place.
 F = Levels seen in this place.
 G = Mean time per level.
                   A        B        C        D        E       F      G
               +--------+--------+--------+--------+--------+-----+--------+
         Total |   5291 |   5101 |    190 |    525 |   3659 |   6 |  881.8 |
       Dungeon |   5061 |   4905 |    156 |    525 |   3478 |   5 | 1012.2 |
        Temple |    230 |    196 |     34 |      0 |    180 |   1 |  230.0 |
               +--------+--------+--------+--------+--------+-----+--------+

Top non-repeatable levels by time:
     D:4: 1672 daAuts
     D:3: 1464 daAuts
     D:1: 1049 daAuts
     D:2: 620 daAuts
     D:5: 255 daAuts
  Temple: 230 daAuts
